 Dungeon Crawl Stone Soup version 0.32-a0-872-g59262bd (webtiles) character file.

Game seed: 16099145703574549766

109 lyrin the Caller (level 4, 0/28 HPs)
             Began as an Octopode Summoner on Mar 30, 2024.
             Slain by a ball python (2 damage)
             ... in a sewer.
             The game lasted 00:04:37 (2115 turns).

lyrin the Caller (Octopode Summoner)                Turns: 2115, Time: 00:04:38

Health: 0/28       AC:  1    Str:  7    XL:     4   Next: 90%
Magic:  5/8        EV:  7    Int: 25    God:
Gold:   127        SH:  0    Dex: 12    Spells: 5/9 levels left

rFire   . . .        e - staff of alchemy
rCold   . . .        (no shield)
rNeg    . . .        (helmet restricted)
rPois   +            (no amulet)
rElec   .            f - +5 ring of evasion
rCorr   .            l - +6 ring of intelligence
SInv    .            (no ring)
Will    .....        (no ring)
Stlth   +++          (no ring)
HPRegen 0.24/turn    (no ring)
MPRegen 0.11/turn    (no ring)
                     (no ring)

%: no passive effects
@: brilliant, lethally poisoned (0 -> -2), constricted, inugami summoned
A: almost no armour, amphibious, 8 rings, camouflage 1, gelatinous body 1,
(nimble swimmer 1), tentacles
a: no special abilities


You were in a sewer.
You visited 1 branch of the dungeon, and saw 3 of its levels.
You also visited: Sewer.

You collected 127 gold pieces.

Inventory:

Hand Weapons
 d - a +0 heavy hand axe
Missiles
 o - 5 poisoned darts
Magical Staves
 e - a staff of alchemy (weapon)
Jewellery
 f - a +5 ring of evasion (left tentacle)
 l - a +6 ring of intelligence (right tentacle)
Talismans
 g - a beast talisman
Scrolls
 j - 2 scrolls of poison {unknown}
 k - a scroll of blinking
 m - 2 scrolls of vulnerability {unknown}
 p - a scroll of summoning {unknown}
 q - a scroll of noise {unknown}
 s - a scroll of brand weapon {unknown}
Potions
 a - 2 potions of magic
 b - a potion of enlightenment {unknown}
 c - a potion of brilliance
 h - a potion of curing {unknown}
 i - a potion of lignification {unknown}
 n - a potion of heal wounds {unknown}
 r - a potion of invisibility {unknown}


   Skills:
 + Level 1.0 Fighting
 + Level 1.2 Staves
 + Level 2.4 Dodging
 - Level 3.4 Stealth
 + Level 3.0 Spellcasting
 + Level 4.5 Summonings


You had 5 spell levels left.
You knew the following spells:

 Your Spells              Type           Power      Damage    Failure   Level
a - Summon Small Mammal   Summ           100%       N/A       1%          1
b - Call Canine Familiar  Summ           40%        N/A       4%          3

Your spell library contained the following spells:

 Spells                   Type           Power      Damage    Failure   Level
 Call Imp                 Summ           80%        N/A       2%          2
 Sting                    Conj/Alch      32%        1d5       10%         1
 Mercury Vapours          Alch/Air       16%        N/A       16%         2
 Frozen Ramparts          Ice            10%        1d2       30%         3
 Ozocubu's Armour         Ice            5%         N/A       30%         3
 Summon Blazeheart Golem  Fire/Summ      22%        N/A       36%         4
 Summon Lightning Spire   Summ/Air       22%        N/A       36%         4
 Olgreb's Toxic Radiance  Alch           8%         N/A       69%         4
 Metabolic Englaciation   Hex/Ice        2%         N/A       95%         5


Dungeon Overview and Level Annotations

Branches:
Dungeon (3/15)              Sewer (1/1)

Altars:


Innate Abilities, Weirdness & Mutations

You cannot wear most types of armour.
You are amphibious.
You can wear up to eight rings at the same time.
Your skin changes colour to match your surroundings (Stealth+).
Your rubbery body absorbs attacks. (AC +1, EV +1)
((You are camouflaged when in or above water. (Stealth+)))
You have tentacles for arms and can constrict up to eight enemies at once.


Message History

Your inugami barely misses the adder.
Unknown command.
You hit the adder but do no damage. You squeeze the adder.
You kill the adder!
The ball python misses you. The ball python grabs you.
The ball python constricts you. The adder bites you.
Your inugami splashes around in the water.
Your Spellcasting skill increases to level 3!
Unknown command.
You hit the adder. You grab the adder.
The adder is lightly wounded.
You constrict the adder. The ball python bites you.
The ball python constricts you. The adder bites you.
Your inugami barely misses the adder.
The ball python bites you but does no damage.
The ball python constricts you. The adder bites you.
You are poisoned.
The adder poisons you!
You hit the adder. You squeeze the adder.
You kill the adder!
You feel sick. The ball python bites you.
* * * LOW HITPOINT WARNING * * *
The ball python constricts you.
* * * LOW HITPOINT WARNING * * *
Your Fighting skill increases to level 1!
You hit the frilled lizard.
You kill the frilled lizard!
You feel sick. The ball python barely misses you.
The ball python constricts you.
* * * LOW HITPOINT WARNING * * *
Your inugami hits the ball python.
The ball python barely misses your inugami.
The ball python constricts you.
* * * LOW HITPOINT WARNING * * *
Unknown command.
It was a potion of brilliance.
You feel clever all of a sudden.
* * * LOW HITPOINT WARNING * * *
You feel sick. The ball python bites you.
You die...

######################
#.......~~~@~.~~......
#.~~~~~~~~~hS~~~~~~~~.
#.~≈≈≈≈≈≈≈≈≈≈≈≈≈≈≈≈≈~~
#~~~≈~≈≈≈≈≈B~~~~~~~≈≈~
#~~~~.~≈≈≈≈≈~~~~..~~≈~
#~########≈≈~≈~~~~.~≈~
#.# ##≈≈~≈≈≈≈≈≈.~≈~
#~# #≈≈≈≈~≈≈≈≈≈~~≈~
#~# ##≈~≈≈≈~≈≈≈≈~≈≈~


You could see a giant cockroach, a ball python (ally target) and a friendly
inugami (summoned).

Vanquished Creatures
  4 adders (Sewer)
  5 dart slugs (Sewer)
  A ribbon worm (D:2)
  An endoplasm (D:2)
  4 giant cockroaches
  A goblin (D:1)
  3 hobgoblins
  5 ball pythons
  2 bats
  10 frilled lizards (Sewer)
  2 rats
38 creatures vanquished.

Vanquished Creatures (collateral kills)
  An adder (D:2)
  A dart slug (D:1)
  A ribbon worm (D:2)
  2 endoplasms
  A hobgoblin (D:1)
  2 kobolds (D:2)
  A quokka (D:2)
  A ball python (D:2)
  A bat (D:2)
  2 frilled lizards
  2 goblins (D:1)
  2 rats (D:1)
17 creatures vanquished.

Grand Total: 55 creatures vanquished

Notes
Turn   | Place    | Note
-------+----------+-------------------------------------------
     0 | D:1      | lyrin the Octopode Summoner began the quest for the Orb.
     0 | D:1      | Reached XP level 1. HP: 11/11 MP: 3/3
   209 | D:1      | Reached XP level 2. HP: 7/18 MP: 1/5
   360 | D:1      | Found a faded altar of an unknown god.
  1051 | D:2      | Reached XP level 3. HP: 22/22 MP: 2/6
  1170 | D:2      | Learned a level 3 spell: Call Canine Familiar
  1822 | D:3      | Found a glowing drain.
  1837 | Sewer    | Entered a sewer
  1909 | Sewer    | Reached XP level 4. HP: 13/27 MP: 2/8
  2051 | Sewer    | Reached skill level 1 in Staves
  2114 | Sewer    | Reached skill level 1 in Fighting
  2115 | Sewer    | Slain by a ball python

Illustrated notes

Levels and vault maps discovered:
D:1:      roderic_dead_forest, layout_loops_ring,
          shapermc_ecumenical_altar_mp_urbaneastern, minivault_23
D:2:      layout_basic, serial_curves, eino_curves_02, eino_curves_01
D:3:      kennysheep_the_goblin_king, layout_loops_ring,
          cheibrodos_sewer_entry_sluice
Sewer:    sewer_frog_island_01

Skill      XL: |  1  2  3  4 |
---------------+-------------+-----
Stealth        | 3 |  3.4
Staves         | 1 |  1.2
Spellcasting   | 3 |  3.0
Fighting       | 1 |  1.0
Dodging        | |  2.4
Summonings     | |  4.5

Action                     |  1- 3 |  4- 6 || total
---------------------------+-------+-------++-------
  Melee: Unarmed           |    15 |       ||    15
         Constrict         |    16 |    15 ||    31
         Tentacles         |     9 |     8 ||    17
         Staff             |    26 |    37 ||    63
         Punch             |     1 |       ||     1
   Cast: Summon Small Mamm |    47 |       ||    47
         Call Canine Famil |     3 |     1 ||     4
    Use: Potion            |       |     1 ||     1
   Stab: Sleeping          |     3 |     4 ||     7
 Armour: Skin              |    19 |    28 ||    47
  Dodge: Dodged            |    57 |    45 ||   102

Table legend: (Time is in decaauts)
 A = Elapsed time spent in this place.
 B = Non-inter-level travel time spent in this place.
 C = Inter-level travel time spent in this place.
 D = Time resting spent in this place.
 E = Time spent auto-exploring this place.
 F = Levels seen in this place.
 G = Mean time per level.
                   A        B        C        D        E       F      G
               +--------+--------+--------+--------+--------+-----+--------+
         Total |   2124 |   2053 |     71 |    107 |   1409 |   4 |  531.0 |
       Dungeon |   1838 |   1767 |     71 |     56 |   1317 |   3 |  612.7 |
         Sewer |    286 |    286 |      0 |     51 |     92 |   1 |  286.0 |
               +--------+--------+--------+--------+--------+-----+--------+

Top non-repeatable levels by time:
     D:1: 961 daAuts
     D:2: 826 daAuts
   Sewer: 286 daAuts
     D:3: 49 daAuts
